 Dungeon Crawl Stone Soup version 0.32-a0-841-g4648e6c457 (console) character file.

Game seed: 1546927853680190470

542770 petzl the Scorcher (level 27, -12/224 HPs)
             Began as a Formicid Delver on Mar 26, 2024.
             Was the Champion of Vehumet.
             Killed from afar by a quicksilver dragon (35 damage)
             ... with a bolt of dispelling energy
             ... on level 2 of the Realm of Zot on Apr 1, 2024.
             The game lasted 08:31:26 (88205 turns).

petzl the Scorcher (Formicid Delver)               Turns: 88205, Time: 08:31:26

Health: -12/224    AC: 22    Str: 24    XL:     27
Magic:  7/46       EV: 18    Int: 27    God:    Vehumet [******]
Gold:   3887       SH: 20    Dex: 18    Spells: 5/64 levels left

rFire   + + .        b - +10 shortbow {freeze, rN+ Will+++ rCorr Dex-4}
rCold   + . .        X - +5 kite shield {reflect}
rNeg    + . .        w - +5 faerie dragon scales {^Drain rCorr Str-2 Dex+8 SInv}
rPois   .            (helmet unavailable)
rElec   .            I - scarf {rC+ rF+}
rCorr   +            s - +2 pair of gloves {Str+3}
SInv    +            M - +2 pair of boots {Fly}
Will    +++++        m - amulet of regeneration
Stlth   ++++         t - +6 ring of intelligence
HPRegen 2.17/turn    k - ring of wizardry
MPRegen 0.30/turn

%: reflection, wizardry (x1)
@: flying, studying 5 skills
A: permanent stasis, dig shafts and tunnels, antennae 3, four strong arms, fire
resistance 1, regeneration 1, robust 1, strong 1, inability to read after injury
1
}: 3/15 runes: barnacled, slimy, gossamer
a: Dig, Shaft Self, Renounce Religion


You were on level 2 of the Realm of Zot.
You worshipped Vehumet.
Vehumet was exalted by your worship.
You visited 12 branches of the dungeon, and saw 51 of its levels.
You also visited: Trove, Ice Cave and Wizlab.

You collected 6739 gold pieces.
You spent 2852 gold pieces at shops.

Inventory:

Hand Weapons
 a - a +9 lajatang of chaos
 b - the +10 shortbow of Irksome Guile (weapon) {freeze, rN+ Will+++ rCorr Dex-4}
   (You found it on level 14 of the Dungeon)

   Dex-4:     It affects your dexterity (-4).
   rN+:       It protects you from negative energy.
   Will+++:   It greatly increases your willpower.
   rCorr:     It protects you from acid and corrosion.
 d - a +4 flail of protection
Missiles
 L - 10 curare-tipped darts
 O - 6 throwing nets
 P - 19 silver javelins
Armour
 i - a +2 cloak of poison resistance
 s - a +2 pair of gloves of strength (worn)
 w - the +5 faerie dragon scales (worn) {^Drain rCorr Str-2 Dex+8 SInv}
   (You took it off the Enchantress on level 1 of the Depths)

   Str-2:     It affects your strength (-2).
   Dex+8:     It affects your dexterity (+8).
   SInv:      It lets you see invisible.
   rCorr:     It protects you from acid and corrosion.
   ^Drain:    It drains your maximum health when unequipped.
 I - a scarf of resistance (worn)
 M - a +2 pair of boots of flying (worn)
 X - a +5 kite shield of reflection (worn)
Magical Staves
 e - the staff of Infinite Pain {rElec rPois rF- Dex+3 Stlth+ Alchemy}
   (You found it on level 11 of the Dungeon)

   [staff of alchemy]

   Base accuracy: +5 Base damage: 5 Base attack delay: 1.2 This weapon's minimum
   attack delay (0.6) is reached at skill level 12.
   Dex+3:     It affects your dexterity (+3).
   rF-:       It makes you vulnerable to fire.
   rElec:     It insulates you from electricity.
   rPois:     It protects you from poison.
   Stlth+:    It makes you more stealthy.
   Alchemy:   It increases the power of your Alchemy spells.
   It falls into the 'Staves' category.
   It is a weapon for one hand-pair.
Jewellery
 k - a ring of wizardry (right hand)
 m - an amulet of regeneration (around neck)
 t - a +6 ring of intelligence (left hand)
Wands
 o - a wand of iceblast (37)
 q - a wand of digging (9)
 y - a wand of mindburst (34)
 z - a wand of polymorph (32)
 B - a wand of paralysis (43)
 C - a wand of light (12)
Scrolls
 c - a scroll of enchant armour
 g - a scroll of immolation
 h - a scroll of brand weapon
 r - 10 scrolls of poison
 u - 7 scrolls of fear
 x - 5 scrolls of summoning
 A - 3 scrolls of enchant weapon
 E - 5 scrolls of torment
 N - 6 scrolls of fog
 R - 6 scrolls of revelation
Potions
 f - 2 potions of might
 j - 10 potions of lignification
 n - 6 potions of resistance
 p - 3 potions of brilliance
 v - 14 potions of enlightenment
 F - 17 potions of curing
 H - 6 potions of ambrosia
 J - 4 potions of cancellation
 U - 3 potions of invisibility
Miscellaneous
 G - a phantom mirror (inert)
 K - a condenser vane
 Q - a lightning rod (4/4)
 V - a sack of spiders (inert)


   Skills:
 - Level 14.0 Fighting
 - Level 2.2(5.4) Maces & Flails
 - Level 7.8(8.0) Staves
 - Level 6.0 Ranged Weapons
 - Level 15.0 Armour
 - Level 13.1 Dodging
 - Level 10.0 Stealth
 - Level 17.0 Shields
 + Level 19.0 Spellcasting
 - Level 19.5 Conjurations
 - Level 7.5 Translocations
 - Level 19.5 Fire Magic
 * Level 13.0 Ice Magic
 - Level 6.0 Air Magic
 - Level 7.6 Alchemy
 - Level 3.8 Evocations


You had 5 spell levels left.
You knew the following spells:

 Your Spells              Type           Power      Damage    Failure   Level
a - Shock                 Conj/Air       100%       1d9       0%          1
c - Iskenderun's Mystic   Conj/Tloc      78%        2d16      1%          4
d - Plasma Beam           Fire/Air       38%        2x1d51    1%          6
l - Freezing Cloud        Conj/Ice/Air   38%        6-21      1%          5
m - Fire Storm            Conj/Fire      46%        8d12      10%         9
o - Orb of Destruction    Conj           46%        9d12      1%          7
s - Sticky Flame          Fire/Alch      78%        2d12      1%          4
E - Conjure Ball Lightni  Conj/Air       38%        3x3d12    1%          6
I - Ignite Poison         Fire/Alch      78%        N/A       1%          4
N - Polar Vortex          Ice            38%        12d5*     69%         9
T - Olgreb's Toxic Radia  Alch           61%        N/A       1%          4

Your spell library contained the following spells:

 Spells                   Type           Power      Damage    Failure   Level
 Maxwell's Capacitive Co  Air            27%        ∞         73%         8
 Foxfire                  Conj/Fire      100%       2x1d9     0%          1
 Magic Dart               Conj           100%       1d8       0%          1
 Sting                    Conj/Alch      100%       1d9       0%          1
 Momentum Strike          Conj/Tloc      100%       3d10      0%          2
 Scorch                   Fire           100%       2d9       0%          2
 Searing Ray              Conj           100%       2d8       0%          2
 Static Discharge         Conj/Air       100%       3-8/arc   0%          2
 Volatile Blastmotes      Fire/Tloc      100%       2d18      0%          3
 Flame Wave               Conj/Fire      92%        2d19      0%          4
 Fireball                 Conj/Fire      46%        3d18      0%          5
 Kiss of Death            Conj/Necr      100%       2d13      1%          1
 Sandblast                Erth           50%        2d12      1%          1
 Cigotuvi's Dreadful Rot  Necr/Alch/Air  100%       N/A       1%          2
 Ensorcelled Hibernation  Hex/Ice        100%       N/A       1%          2
 Lesser Beckoning         Tloc           100%       N/A       1%          2
 Mercury Vapours          Alch/Air       100%       N/A       1%          2
 Dazzling Flash           Conj/Hex       100%       N/A       1%          3
 Inner Flame              Hex/Fire       68%        N/A       1%          3
 Mephitic Cloud           Conj/Alch/Air  71%        N/A       1%          3
 Stone Arrow              Conj/Erth      100%       3d13      1%          3
 Summon Ice Beast         Ice/Summ       57%        N/A       1%          3
 Airstrike                Air            27%        2d(4-20)  1%          4
 Brom's Barrelling Bould  Conj/Erth      68%        2d8       1%          4
 Fulminant Prism          Conj/Alch      39%        3d17      1%          4
 Summon Blazeheart Golem  Fire/Summ      68%        N/A       1%          4
 Arcjolt                  Conj/Air       38%        1d48      1%          5
 Irradiate                Conj/Alch      39%        3d24      1%          5
 Yara's Violent Unravell  Hex/Alch       23%        3d10      1%          5
 Leda's Liquefaction      Alch/Erth      23%        N/A       2%          4
 Confusing Touch          Hex            25%        N/A       3%          3
 Passwall                 Erth           25%        N/A       3%          3
 Sigil of Binding         Hex            25%        N/A       3%          3
 Summon Lightning Spire   Summ/Air       41%        N/A       3%          4
 Silence                  Hex/Air        20%        N/A       9%          5
 Animate Armour           Summ/Erth      50%        N/A       11%         4
 Animate Dead             Necr           25%        N/A       11%         4
 Dispel Undead            Necr           25%        3d12      11%         4
 Martyr's Knell           Necr/Summ      25%        N/A       11%         4
 Borgnjor's Vile Clutch   Necr/Erth      12%        N/A       28%         5
 Curse of Agony           Necr           25%        N/A       28%         5
 Summon Mana Viper        Hex/Summ       25%        N/A       28%         5
 Bombard                  Conj/Erth      34%        9d6       1%          6
 Starburst                Conj/Fire      46%        6d13      1%          6
 Ozocubu's Refrigeration  Ice            38%        4d16      1%          7
 Ignition                 Fire           46%        3d13      1%          8
 Sculpt Simulacrum        Ice/Alch       34%        N/A       2%          6
 Spellforged Servitor     Conj/Summ      34%        N/A       4%          7
 Lehudib's Crystal Spear  Conj/Erth      34%        10d9      28%         8
 Chain Lightning          Conj/Air       38%        3d50      71%         9
 Death Channel            Necr           12%        N/A       82%         6
 Summon Cactus Giant      Summ           12%        N/A       82%         6
 Shatter                  Erth           12%        3d13*     99%         9
 Monstrous Menagerie      Summ           12%        N/A       100%        7
 Discord                  Hex            12%        N/A       100%        8
 Death's Door             Necr           12%        N/A       100%        9
 Blink                    Tloc           Unusable   N/A       N/A         2
 Swiftness                Air            Unusable   N/A       N/A         3
 Vhi's Electric Charge    Tloc/Air       Unusable   N/A       N/A         4

Dungeon Overview and Level Annotations

Branches:
Dungeon (15/15)            Temple (1/1) D:7            Lair (5/5) D:9
 Shoals (4/4) Lair:2       Spider (4/4) Lair:3        Slime (5/5) Lair:4
    Orc (2/2) D:10            Elf (3/3) Orc:2        Vaults (4/5) D:14
  Crypt (1/3) Vaults:3     Depths (4/4) D:15            Zot (3/5) Depths:4
  IceCv (visited)          WizLab (visited)

Altars:
Ashenzari
Cheibriados
Dithmenos
Elyvilon
Fedhas
Gozag
Hepliaklqana
Kikubaaqudgha
Makhleb
Nemelex Xobeh
Okawaru
Qazlal
Ru
Sif Muna
Trog
Uskayaw
Vehumet
Wu Jian
Xom
Yredelemnul
Zin
The Shining One
Beogh

Shops:
D:2 *   D:5 :   D:6 :   D:8 (   D:9 :?   D:12 [   D:14 ??   D:15 [(
Orc:2 *![[   Shoals:1 [   Shoals:2 ::**!   Vaults:2 [   Vaults:4 *
Depths:1 *[

Portals:
Hell: Depths:1 Depths:2 Depths:3 Depths:4
Abyss: Depths:2 Depths:3
Pandemonium: Depths:2 Depths:3
Ziggurat: Depths:1

Annotations:
D:14 exclusion: 2 downstairs
Vaults:2 2 runed translucent doors, Qimyqihi's ghost, adept VSFi
Vaults:3 3 runed translucent doors, exclusion: downstairs, Kevimi's ghost, adept FeNe
Vaults:4 exclusion: upstairs
Vaults:5 !L5
Crypt:1 exclusions: curse skull and wight
Zot:2 exclusion: downstairs


Innate Abilities, Weirdness & Mutations

You cannot be hasted, slowed, berserked, paralysed or teleported.
You can dig through walls and to a lower floor.
You have a pair of large antennae on your head. (SInv)
Your four strong arms can wield two-handed weapons with a shield.
Your flesh is heat resistant. (rF+)
Your natural rate of healing is unusually fast.
You are robust. (+10% HP)
Your muscles are strong. (Str +4, Int/Dex -1)
You occasionally lose the ability to read scrolls when taking damage.


Message History

Your quicksilver dragon barely misses the quicksilver dragon.
You feel sick.
The quicksilver dragon bites your quicksilver dragon!!
The quicksilver dragon claws your quicksilver dragon!!
Your quicksilver dragon completely misses the quicksilver dragon.
Your quicksilver dragon misses the quicksilver dragon.
You feel sick.
Your quicksilver dragon shimmers and vanishes!
You feel sick.
The quicksilver dragon breathes dispelling energy at you.
The bolt of dispelling energy hits you!!
* * * LOW HITPOINT WARNING * * *
Okay, then.
Okay, then.
You feel much better.
You feel sick.
The quicksilver dragon breathes dispelling energy at you.
The bolt of dispelling energy hits you!!
* * * LOW HITPOINT WARNING * * *
Okay, then.
Unknown command.
Okay, then.
Unknown command.
Unknown command.
You feel better.
Are you sure you want to shaft yourself?
Okay, then.
Unknown command.
Aiming: Bolt of Light
Press: ? - help, Shift-Dir - straight line, f/p - quicksilver dragon
Aim: a quicksilver dragon (heavily wounded, catching its breath, 57% to hit)
Okay, then.
Unknown command.
Are you sure you want to shaft yourself?
The quicksilver dragon bites you!
* * * LOW HITPOINT WARNING * * *
The quicksilver dragon claws you but does no damage.
You begin to dig a shaft.
You continue digging a shaft.
The quicksilver dragon breathes dispelling energy at you.
The bolt of dispelling energy hits you!!
You die...

########## ############# #...<....#
#!..........# #........#******
#.#########.######........+,,,,,*
#.# #......'........#***,,* #.#
#.######........# *,,********* #.#
#.# #........# *,,,,,,,,,,, #.# #.#
#........# *,********** #.#######
#.# #........# *,* #.......# #.#
#..@.....# *,* #######.# #.#
#..D.....# *,* ######.###.#
#........# *,* #..........#
#........# *,******
#.####.###†######........##**,,,,,,*
#.# #.##.......#........'.,,,,,,,,*
#># #.##.......#........##******,**
#.####.##.......#........# *>*
#..>....'.......#........# *,*
#......##....<.○#........# *,*
####.####.....○○#........#*******,*
** #.#
#.....D○'........#*,,,,,,,*****, #.#
#.......#........#*,,,,,,,,,,,+, #.#
#.......#........#*,,**********,
#.####.......#........#*,,* *,
#.####.......#........#*,,* *,
**.####.......#........#*,,* *,
*,....+..[....#........+,,,* *,
*,.####.......#........##+######* *,


You could see a quicksilver dragon (catching breath).

Vanquished Creatures
  Dissolution (Slime:4)
  the Royal Jelly (Slime:5)
  Mennas (Vaults:3)
  Frederick (Vaults:3)
  Mara (Elf:3)
  Saint Roka (Depths:1)
  2 curse toes (Zot:1)
  4 golden dragons (Zot:1)
  Nikola (Spider:2)
  the Enchantress (Depths:1)
  Arachne (Spider:3)
  3 doom hounds (Zot:1)
  4 tentacled monstrosities
  Jorgrun (D:15)
  3 liches
  A deep elf blademaster (Elf:2)
  A quicksilver dragon (Zot:2)
  A walking earthen tome (Depths:3)
  Grunn (Zot:1)
  3 deep elf master archers (Elf:3)
  16 acid blobs
  6 sphinxes
  3 death cobs (Zot:1)
  A tengu reaver (Depths:3)
  An ancient champion (Vaults:3)
  4 storm dragons
  Aizul (Spider:2)
  Donald (Spider:3)
  2 shadow dragons (Depths:3)
  Kirke (D:14)
  Roxanne (Spider:3)
  A draconian knight (Zot:1)
  2 protean progenitors (Zot:2)
  6 frost giants
  7 rockslimes
  Ilsuiw (Shoals:3)
  7 azure jellies
  5 fire giants
  10 deep elf sorcerers
  An iron dragon (Depths:2)
  2 emperor scorpions
  6 ghost moths
  A draconian scorcher (Zot:1)
  6 spectral caustic shrikes (Depths:4)
  6 vault wardens
  A balrug (Depths:1)
  7 deep elf elementalists (Elf:3)
  4 spriggan defenders
  A reaper (Depths:2)
  16 formless jellyfish
  A draconian stormcaller (Depths:4)
  A ghoul (WizLab)
  10 quicksilver oozes
  15 ironbound preservers
  23 very ugly things
  4 broodmothers
  15 stone giants
  3 vampire knights
  4 deep elf death magi
  2 green draconians (Zot:1)
  5 ironbound thunderhulks
  7 deep elf demonologists (Elf:3)
  8 deep elf annihilators
  A black draconian (Zot:1)
  4 red draconians
  Azrael (D:15)
  A white draconian (Depths:4)
  13 dire elephants
  5 merfolk impalers
  2 crystal guardians (Vaults:3)
  4 jiangshi
  7 ettins
  5 fire dragons
  11 great orbs of eyes
  8 merfolk javelineers
  3 entropy weavers
  4 yaktaur captains
  Josephine (D:15)
  5 deep elf high priests
  10 vault guards
  9 hydras
  2 jorogumos (Spider:3)
  4 spriggan air magi
  A juggernaut simulacrum (WizLab)
  2 peacekeepers
  15 ironbound frosthearts
  2 rakshasas
  3 ogre magi
  5 ice dragons
  6 radroaches
  5 catoblepae
  8 merfolk aquamancers
  3 alligator snapping turtles (Shoals:4)
  7 centaur warriors
  19 dancing weapons
  8 boulder beetles
  16 two-headed ogres
  2 vampire magi
  7 tengu warriors
  2 satyrs (Shoals:4)
  3 merfolk avatars
  10 death yaks
  4 hell hogs (Depths:1)
  4 orc high priests
  3 deep troll earth magi
  A spriggan berserker (Depths:2)
  3 deep troll shamans
  22 deep elf knights
  8 demonic crawlers
  2 hell knights
  Sonja (Lair:1)
  3 occultists
  3 soul eaters (Depths:1)
  A titan zombie (Depths:3)
  A storm dragon zombie (WizLab)
  A fire crab (Lair:5)
  5 skysharks
  A salamander mystic (Depths:1)
  15 skeletal warriors
  2 sun demons (Depths:1)
  5 iron trolls
  16 sea snakes
  5 glowing orange brains
  39 deep trolls
  A flayed ghost (Depths:4)
  5 pharaoh ants
  6 orb spiders
  9 arcanists
  13 deep elf archers
  2 sun moths
  4 steelbarb worms
  11 lindwurms
  3 phantasmal warriors
  34 deep elf pyromancers
  2 golden dragon skeletons
  7 thermic dynamos
  12 orc knights
  15 ironbound convokers
  An obsidian bat (Orc:2)
  12 harpies
  3 necromancers
  17 wolf spiders
  29 deep elf zephyrmancers
  Maurice (D:7)
  4 orc sorcerers
  A faun (shapeshifter) (Depths:2)
  11 fauns (Shoals:2)
  11 cyclopes
  A tengu skeleton (Vaults:3)
  4 shining eyes
  4 elephants (Lair:4)
  13 manticores
  48 ugly things
  9 merfolk sirens
  2 salamanders (Depths:1)
  12 moths of wrath
  2 kobold blastminers (Orc:2)
  A water nymph (shapeshifter) (Depths:1)
  6 meliai
  4 smoke demons
  5 water nymphs
  An ice statue (IceCv)
  A black mamba (shapeshifter) (Elf:1)
  An eye of devastation (Slime:4)
  9 black mambas
  5 gargoyles
  5 torpor snails
  14 cane toads
  20 vault sentinels
  2 storm dragon simulacra (WizLab)
  Maggie (Lair:1)
  3 kobold demonologists
  2 unseen horrors
  7 komodo dragons
  A tormentor (Depths:2)
  2 efreet
  7 rime drakes
  26 yaktaurs
  3 tengu conjurers
  A yaktaur skeleton (Vaults:3)
  25 merfolk
  13 polar bears (IceCv)
  A polar bear (shapeshifter) (Elf:1)
  11 trolls
  A tengu simulacrum (Depths:3)
  4 hornets
  24 tarantellas
  6 wind drakes
  35 blink frogs
  16 dream sheep
  3 glass eyes
  A raiju (shapeshifter) (D:13)
  Prince Ribbit (D:6)
  2 ettin zombies (WizLab)
  7 snapping turtles
  32 jumping spiders
  A shadow (D:11)
  Sigmund (D:6)
  106 slime creatures
  3 spriggans
  3 vampires (WizLab)
  22 culicivoras
  A slime creature zombie (Slime:3)
  12 water elementals
  11 wraiths
  A hog (D:14)
  7 basilisks
  5 wyverns
  66 yaks
  17 golden eyes
  A golden eye (shapeshifter) (D:15)
  9 steam dragons
  2 wargs
  60 redbacks
  5 fire elementals
  5 vampire mosquitoes
  2 two-headed ogre zombies (WizLab)
  17 water moccasins
  2 acid dragons
  2 hell hounds (D:15)
  Duvessa (D:4)
  29 orc warriors
  2 black bears (D:7)
  An ogre skeleton (Vaults:3)
  3 sky beasts
  7 centaurs
  6 ogres
  38 wolves
  5 kobold brigands
  14 bullfrogs
  A cyclops zombie (WizLab)
  4 earth elementals
  A two-headed ogre simulacrum (WizLab)
  8 human skeletons
  5 scorpions
  3 gnoll sergeants
  3 wights (D:8)
  2 human simulacra (Vaults:2)
  Dowan (D:4)
  4 killer bees (D:8)
  7 howler monkeys
  2 vampire bats (Orc:2)
  7 electric eels
  2 bombardier beetles
  A gnoll bouda (D:7)
  21 orc priests
  7 hounds
  5 jellies
  Ijyb (D:3)
  3 iguanas
  A sleepcap (Temple)
  16 orc wizards
  Robin (D:3)
  7 gnolls
  6 adders
  A shadow imp (D:6)
  2 white imps
  A dart slug (D:1)
  4 ribbon worms
  59 orcs
  5 ball pythons
  10 endoplasms
  5 giant cockroaches
  14 goblins
  10 hobgoblins
  8 jackals
  15 kobolds
  3 quokkas
  7 bats
  3 frilled lizards
  6 rats
  3 aspiring fleshes (Zot:2)
  A ball lightning (WizLab)
  2 fire vortices
1990 creatures vanquished.

Vanquished Creatures (collateral kills)
  A golden dragon (Zot:2)
  An acid blob (Slime:5)
  A deep elf sorcerer (Elf:3)
  A very ugly thing (Depths:4)
  A formless jellyfish (Slime:3)
  A black draconian (Zot:2)
  A deep elf annihilator (Elf:3)
  A tengu warrior (Depths:4)
  2 death drakes (Zot:2)
  A moth of wrath (Zot:1)
  6 slime creatures
  An aspiring flesh (Zot:2)
  3 ball lightnings (WizLab)
21 creatures vanquished.

Vanquished Creatures (others)
  Nessos (D:14)
  A merfolk aquamancer (Shoals:4)
  3 humans (D:15)
  An orc wizard (Orc:2)
  25 ball lightnings
  182 fire vortices
213 creatures vanquished.

Grand Total: 2224 creatures vanquished

Notes
Turn   | Place    | Note
-------+----------+-------------------------------------------
     0 | D:5      | petzl the Formicid Delver began the quest for the Orb.
     0 | D:5      | Reached XP level 1. HP: 18/18 MP: 1/1
    13 | D:6      | Found Immif's Self-Published Books.
    19 | D:6      | Noticed Sigmund
    98 | D:6      | Noticed a water moccasin
   162 | D:4      | Found a sacrificial altar of Ru.
   162 | D:4      | Found a radiant altar of Vehumet.
   166 | D:4      | Found a shimmering altar of Xom.
   175 | D:4      | Became a worshipper of Vehumet
   187 | D:5      | Found a transporter.
   188 | D:5      | Noticed an iguana
   325 | D:3      | Noticed Ijyb
   366 | D:3      | Reached skill level 1 in Shields
   368 | D:3      | Noticed Robin
   370 | D:3      | Reached skill level 1 in Spellcasting
   370 | D:3      | Reached XP level 2. HP: 18/24 MP: 1/3
   489 | D:3      | You fall into a shaft and drop 2 floors!
   593 | D:5      | Found an ancient bone altar of Kikubaaqudgha.
   920 | D:2      | Noticed an ogre
   949 | D:2      | Reached XP level 3. HP: 8/29 MP: 5/5
  1047 | D:2      | Identified the +1 ring mail "Wyqena" {rPois Will+ Slay+3}
  1153 | D:1      | Found a faded altar of an unknown god.
  1212 | D:1      | Reached * piety under Vehumet
  1212 | D:1      | Offered knowledge of Sandblast by Vehumet.
  1452 | D:1      | Reached XP level 4. HP: 35/35 MP: 6/6
  1904 | D:2      | Reached skill level 1 in Ranged Weapons
  1990 | D:2      | Found Veov's General Store.
  1998 | D:2      | Bought a scroll of identify for 24 gold pieces
  2569 | D:3      | Reached skill level 1 in Armour
  2611 | D:3      | Reached ** piety under Vehumet
  2668 | D:3      | Killed Robin
  2668 | D:3      | Offered knowledge of Shock by Vehumet.
  2669 | D:3      | Reached XP level 5. HP: 41/41 MP: 8/8
  2675 | D:3      | Learned a level 1 spell: Shock
  2761 | D:3      | Killed Ijyb
  3156 | D:4      | Reached XP level 6. HP: 47/48 MP: 9/9
  3216 | D:4      | Reached skill level 1 in Conjurations
  3259 | D:4      | Noticed Duvessa
  3365 | D:4      | Found a basalt altar of Yredelemnul.
  3522 | D:4      | Offered knowledge of Mephitic Cloud by Vehumet.
  3530 | D:4      | Learned a level 3 spell: Mephitic Cloud
  3589 | D:4      | Reached XP level 7. HP: 39/54 MP: 10/10
  3620 | D:4      | Reached skill level 1 in Alchemy
  3901 | D:5      | Reached *** piety under Vehumet
  4022 | D:5      | Found Vonn's Book Shop.
  4027 | D:5      | Bought a Young Poisoner's Handbook for 300 gold pieces
  4032 | D:5      | Learned a level 4 spell: Olgreb's Toxic Radiance
  4060 | D:5      | Found a transporter.
  4586 | D:5      | Reached skill level 1 in Air Magic
  4700 | D:6      | Reached XP level 8. HP: 61/61 MP: 12/12
  4775 | D:6      | Noticed Prince Ribbit
  4886 | D:6      | Found a shadowy altar of Dithmenos.
  5123 | D:7      | Noticed Maurice
  5297 | D:6      | Killed Prince Ribbit
  5393 | D:7      | Found a staircase to the Ecumenical Temple.
  5429 | Temple   | Entered the Ecumenical Temple
  5442 | Temple   | Reached XP level 9. HP: 44/67 MP: 14/14
  5526 | D:7      | Maurice stole a ring of fire
  5529 | D:7      | Maurice stole a +0 dagger of venom {!f =f}
  5530 | D:7      | You fall into a shaft and drop 2 floors!
  5593 | D:9      | Found a staircase to the Lair.
  5647 | D:9      | You fall into a shaft and drop 1 floor!
  5647 | D:10     | Entered Level 10 of the Dungeon
  5707 | D:10     | Gained mutation: Your muscles are strong. (Str +4, Int/Dex
                  | -1) [potion of mutation]
  5707 | D:10     | Gained mutation: You occasionally lose the ability to read
                  | scrolls when taking damage. [potion of mutation]
  5707 | D:10     | Gained mutation: Your flesh is heat resistant. (rF+)
                  | [potion of mutation]
  5707 | D:10     | Gained mutation: You have hidden genetic potential. [potion
                  | of mutation]
  5762 | D:9      | Reached skill level 5 in Fighting
  5762 | D:9      | Reached skill level 5 in Shields
  5762 | D:9      | Reached skill level 5 in Alchemy
  5805 | D:9      | Learned a level 4 spell: Ignite Poison
  5886 | D:9      | Reached skill level 1 in Fire Magic
  5924 | D:9      | Noticed a troll
  6329 | D:7      | Offered knowledge of Volatile Blastmotes by Vehumet.
  7004 | D:7      | Reached XP level 10. HP: 74/74 MP: 4/16
  7102 | D:7      | Gained mutation: You are robust. (+10% HP) [hidden
                  | potential]
  7616 | D:8      | Reached **** piety under Vehumet
  7620 | D:8      | Found a broken altar of Ashenzari.
  7627 | D:8      | Found an iron altar of Okawaru.
  7628 | D:8      | Found a glowing silver altar of Zin.
  7745 | D:8      | Found a snail-covered altar of Cheibriados.
  7752 | D:8      | Offered knowledge of Flame Wave by Vehumet.
  7842 | D:8      | Learned a level 5 spell: Freezing Cloud
  7863 | D:8      | Found Haewk's Weapon Shoppe.
  7981 | D:8      | Reached skill level 1 in Ice Magic
  8006 | D:8      | Noticed a two-headed ogre
  8047 | D:8      | Killed a two-headed ogre
  8388 | D:9      | Found Diockir's Book Shoppe.
  8461 | D:10     | Noticed a two-headed ogre
  8536 | D:9      | Found Tughewem's Magic Scroll Shop.
  8541 | D:9      | Bought a scroll of identify for 20 gold pieces
  8541 | D:9      | Bought a scroll of identify for 20 gold pieces
  8541 | D:9      | Bought a scroll of revelation for 75 gold pieces
  9057 | D:12     | Noticed a boulder beetle
  9081 | D:11     | Noticed a kobold demonologist
  9184 | D:12     | Killed a kobold demonologist
  9185 | D:12     | Reached skill level 5 in Ice Magic
  9273 | D:11     | Noticed a manticore
  9277 | D:11     | Killed a manticore
  9278 | D:11     | Reached XP level 11. HP: 89/89 MP: 11/17
  9775 | D:10     | Gained mutation: Your natural rate of healing is unusually
                  | fast. [hidden potential]
  9775 | D:10     | Lost mutation: You have hidden genetic potential. [hidden
                  | potential expressed]
 10181 | D:10     | Reached skill level 5 in Spellcasting
 10244 | D:10     | Found a staircase to the Orcish Mines.
 10759 | D:10     | Noticed a cyclops
 10762 | D:10     | Killed a cyclops
 10824 | D:10     | Noticed a two-headed ogre
 10824 | D:10     | Noticed a two-headed ogre
 11118 | D:10     | Killed a two-headed ogre
 11119 | D:10     | Reached skill level 5 in Conjurations
 11292 | D:10     | Killed a two-headed ogre
 11356 | D:10     | Killed a two-headed ogre
 11535 | D:11     | Noticed a red ugly thing
 11544 | D:11     | Reached skill level 5 in Air Magic
 11708 | Orc:1    | Entered Level 1 of the Orcish Mines
 11710 | Orc:1    | Reached ***** piety under Vehumet
 11711 | Orc:1    | Offered knowledge of Eringya's Noxious Bog by Vehumet.
 11712 | Orc:1    | Reached XP level 12. HP: 82/95 MP: 14/20
 12142 | Orc:1    | Reached skill level 5 in Armour
 12562 | D:9      | Bought a book of Dangerous Friends for 630 gold pieces
 12610 | Orc:2    | Entered Level 2 of the Orcish Mines
 12614 | Orc:2    | Found a staircase to the Elven Halls.
 12664 | Orc:2    | Reached skill level 5 in Ranged Weapons
 12664 | Orc:2    | Reached skill level 1 in Evocations
 13023 | Orc:2    | Found a roughly hewn altar of Beogh.
 13598 | Orc:2    | Noticed an ogre mage
 13605 | Orc:2    | Killed an ogre mage
 13609 | Orc:2    | Noticed an orc high priest
 13620 | Orc:2    | Killed an orc high priest
 13733 | Orc:2    | Noticed an orc high priest
 13733 | Orc:2    | Noticed an orc high priest
 13740 | Orc:2    | Noticed a sixfirhy
 13741 | Orc:2    | Killed an orc high priest
 13741 | Orc:2    | Killed an orc high priest
 14193 | Orc:2    | Reached XP level 13. HP: 76/104 MP: 11/24
 14294 | Orc:2    | Offered knowledge of Conjure Ball Lightning by Vehumet.
 14572 | Orc:2    | Found Estrac's Antique Armour Shoppe.
 14572 | Orc:2    | Found Wumum's Antique Armour Shop.
 14574 | Orc:2    | Found Eggylar's General Store.
 14574 | Orc:2    | Found Ynide's Distillery.
 14583 | Orc:2    | Bought a scroll of identify for 26 gold pieces
 14586 | Orc:2    | Bought a pair of encrusted boots for 313 gold pieces
 14586 | Orc:2    | Identified the +0 pair of boots of Otras {^Contam Rampage
                  | rElec Int+6} (You bought it in a shop on level 2 of the
                  | Orcish Mines)
 15325 | D:11     | Noticed an ettin
 15333 | D:11     | Killed an ettin
 15610 | D:11     | Noticed a fire dragon
 15617 | D:11     | Killed a fire dragon
 15659 | D:11     | Found a runed translucent door.
 15694 | D:11     | Found the +1 robe of Vines {NoPotionHeal Regen++++}
 15696 | D:11     | Found a runed translucent door.
 15708 | D:11     | Identified the staff of Infinite Pain {rElec rPois rF-
                  | Dex+3 Stlth+ Alchemy}
 15716 | D:11     | Got the Vademecum on Isometric Blows
 15751 | D:11     | Learned a level 6 spell: Conjure Ball Lightning
 15755 | D:11     | Found a runed translucent door.
 16644 | D:4      | Found a basalt altar of Yredelemnul.
 16912 | D:4      | Found a radiant altar of Vehumet.
 16917 | D:4      | Found a sacrificial altar of Ru.
 16924 | D:4      | Found a shimmering altar of Xom.
 17216 | D:4      | Killed Duvessa
 17232 | D:4      | Noticed Dowan
 17236 | D:4      | Killed Dowan
 17631 | D:6      | Found a shadowy altar of Dithmenos.
 17669 | D:6      | Found Immif's Self-Published Books.
 17724 | D:6      | Killed Sigmund
 17786 | D:7      | Found a staircase to the Ecumenical Temple.
 18535 | D:7      | Killed Maurice
 19048 | Lair:1   | Entered Level 1 of the Lair of Beasts
 19351 | Lair:3   | Found a hole to the Spider Nest.
 19601 | Lair:1   | Noticed Maggie
 19602 | Lair:1   | Noticed Sonja
 19605 | Lair:1   | Killed Sonja
 19607 | Lair:1   | Killed Maggie
 19886 | Lair:1   | Reached XP level 14. HP: 100/118 MP: 24/27
 19975 | Lair:1   | Reached skill level 10 in Spellcasting
 21064 | Lair:2   | Offered knowledge of Arcjolt by Vehumet.
 21147 | Lair:2   | Found a staircase to the Shoals.
 21204 | Lair:2   | Reached skill level 10 in Fighting
 21348 | Lair:2   | Reached skill level 10 in Conjurations
 22397 | Lair:4   | Learned a level 7 spell: Orb of Destruction
 22402 | Lair:4   | Learned a level 4 spell: Flame Wave
 22444 | Lair:4   | Found a frozen archway.
 22512 | IceCv    | Entered an ice cave
 23151 | IceCv    | Identified the +1 morningstar of the Secret Beasts {elec,
                  | rN+}
 23292 | IceCv    | Reached skill level 10 in Shields
 23317 | IceCv    | Identified the amulet "Nium" {Faith Int+2}
 23338 | IceCv    | Offered knowledge of Irradiate by Vehumet.
 24239 | IceCv    | Reached XP level 15. HP: 123/127 MP: 19/30
 25285 | Lair:4   | Found a staircase to the Slime Pits.
 26568 | Lair:4   | Offered knowledge of Iskenderun's Battlesphere by Vehumet.
 27076 | Lair:5   | Entered Level 5 of the Lair of Beasts
 28291 | Lair:5   | Reached XP level 16. HP: 135/135 MP: 20/32
 28369 | Lair:5   | Reached skill level 5 in Dodging
 29161 | Shoals:1 | Entered Level 1 of the Shoals
 29271 | Shoals:1 | Identified the +3 hat of Ru, Wizarding {Will+ Int+4}
 30440 | D:12     | Found Luorimock's Armour Boutique.
 31882 | D:14     | Reached skill level 10 in Armour
 32105 | D:15     | Entered Level 15 of the Dungeon
 32105 | D:15     | Noticed Jorgrun
 32764 | D:14     | Identified the +10 great sword "Tormentor" {freeze, *Noise
                  | Dex+7 SInv}
 32795 | D:14     | Identified the +10 shortbow of Irksome Guile {freeze, rN+
                  | Will+++ rCorr Dex-4}
 32839 | D:14     | Noticed Nessos
 32843 | D:14     | Killed Nessos
 32856 | D:15     | Noticed Kirke
 32856 | D:15     | Noticed Azrael
 32868 | D:14     | Killed Kirke
 33361 | D:14     | Found Yfuubiq's Magic Scroll Emporium.
 33458 | D:14     | Reached XP level 17. HP: 141/141 MP: 17/34
 33668 | D:14     | Found a gate to the Vaults.
 33777 | D:14     | Found Loroatsix's Magic Scroll Shoppe.
 33782 | D:14     | Bought a scroll of revelation for 105 gold pieces
 33960 | D:15     | Noticed Josephine
 33969 | D:15     | Killed Josephine
 33982 | D:15     | Reached ****** piety under Vehumet
 34138 | D:15     | Killed Jorgrun
 34951 | Shoals:1 | Found Remom's Armour Emporium.
 35823 | Shoals:2 | Found Budoache's Assorted Antiques.
 35938 | Shoals:2 | Bought a potion of heal wounds for 155 gold pieces
 36043 | Shoals:2 | Found Onust's Book Emporium.
 36073 | Shoals:2 | Offered knowledge of Plasma Beam by Vehumet.
 36204 | Shoals:1 | Bought a +2 pair of gloves of strength for 322 gold pieces
 36442 | Shoals:2 | Found Qoel's Distillery.
 36508 | Shoals:2 | Bought a potion of heal wounds for 60 gold pieces
 36508 | Shoals:2 | Bought a potion of heal wounds for 60 gold pieces
 36510 | Shoals:2 | Found Woheh's Assorted Antiques.
 36717 | Shoals:2 | Bought a book of Blasting for 532 gold pieces
 36722 | Shoals:2 | Learned a level 4 spell: Iskenderun's Mystic Blast
 36806 | Shoals:2 | Found Ytsis's Book Boutique.
 37177 | Shoals:3 | Reached skill level 1 in Translocations
 38094 | Shoals:3 | Noticed Ilsuiw
 38104 | Shoals:3 | Killed Ilsuiw
 38795 | Shoals:3 | Reached XP level 18. HP: 149/149 MP: 8/35
 39323 | Shoals:4 | Entered Level 4 of the Shoals
 39338 | Shoals:4 | Reached skill level 15 in Shields
 39556 | Shoals:4 | Reached skill level 5 in Translocations
 40178 | Shoals:4 | Reached skill level 5 in Fire Magic
 40278 | Shoals:4 | Identified the staff "Qoif" {rF+ rC- Str+5 Fire Alchemy}
 40296 | Shoals:4 | Offered knowledge of Lehudib's Crystal Spear by Vehumet.
 42103 | Shoals:4 | Got a barnacled rune of Zot
 42904 | Spider:1 | Entered Level 1 of the Spider Nest
 42942 | Spider:2 | Identified the serpent talisman of Past Mistakes {rC+ rN+
                  | Str+2}
 42942 | Spider:2 | Noticed Aizul
 43451 | Spider:1 | Reached XP level 19. HP: 158/158 MP: 22/37
 43962 | Spider:1 | Found the +3 pair of mountain boots {steadfast, rC+}
 45062 | Spider:2 | Killed Aizul
 45205 | Spider:2 | Identified the +1 scale mail of Cheibriados's Envy {rN+
                  | Regen+ Str+2}
 45297 | Spider:3 | Reached skill level 15 in Spellcasting
 46101 | Spider:2 | Noticed Nikola
 46123 | Spider:2 | Killed Nikola
 46701 | Spider:3 | Noticed Donald
 46706 | Spider:3 | Killed Donald
 47345 | Spider:4 | Entered Level 4 of the Spider Nest
 47822 | Spider:3 | Offered knowledge of Lehudib's Crystal Spear by Vehumet.
 47822 | Spider:3 | Offered knowledge of Ignition by Vehumet.
 47822 | Spider:3 | Offered knowledge of Maxwell's Capacitive Coupling by
                  | Vehumet.
 48020 | Spider:3 | Noticed Roxanne
 48061 | Spider:3 | Killed Roxanne
 48647 | Spider:3 | Noticed Arachne
 49007 | Spider:3 | Reached skill level 10 in Fire Magic
 49314 | Spider:4 | Identified the +0 pair of boots of Beogh's Displeasure
                  | {+Inv Str+4 Stlth-}
 49778 | Spider:3 | Killed Arachne
 50515 | Spider:4 | Reached XP level 20. HP: 132/168 MP: 5/39
 51209 | Spider:4 | Got a gossamer rune of Zot
 51221 | Spider:4 | Reached XP level 21. HP: 174/174 MP: 39/41
 51974 | D:14     | Bought a scroll of enchant armour for 105 gold pieces
 51974 | D:14     | Bought a scroll of enchant armour for 105 gold pieces
 52496 | D:15     | Found Hali's Weapon Emporium.
 52530 | D:15     | Found a portal to a secret trove of treasure.
 52589 | D:15     | Killed Azrael
 53221 | D:15     | You paid a toll of a +6 demon trident to enter a treasure
                  | trove
 53222 | Trove    | Entered a treasure trove
 53243 | Trove    | Got Sif Muna's Teachings on Actinic Abominable Magicks
 53246 | Trove    | Got Sif Muna's Almanac of Vibrant Clay
 53259 | Trove    | Got the Octavo of Infinity
 53265 | Trove    | Got Sif Muna's Writings on Inclement Wildfire
 53365 | D:15     | Found Suadd's Antique Armour Shoppe.
 53645 | D:15     | Found a staircase to the Depths.
 53707 | Depths:1 | Entered Level 1 of the Depths
 53902 | Depths:1 | Noticed Saint Roka
 54041 | Depths:1 | Killed Saint Roka
 54358 | Depths:1 | Found a one-way gateway to a ziggurat.
 54968 | Depths:1 | Found a gateway to Hell.
 55216 | Depths:1 | Found Toasoiv's Island Escapes.
 55283 | Depths:1 | Reached skill level 15 in Conjurations
 55327 | Depths:1 | Reached skill level 10 in Stealth
 55353 | Depths:1 | Noticed the Enchantress
 55368 | Depths:1 | Killed the Enchantress
 55427 | Depths:1 | Reached XP level 22. HP: 174/181 MP: 12/42
 56226 | Depths:1 | Found Bicus's Antique Armour Boutique.
 56523 | Depths:2 | Learned a level 4 spell: Sticky Flame
 56742 | Depths:2 | Found a one-way gate to the infinite horrors of the Abyss.
 58639 | Depths:2 | Identified the ring of Baittazi {Fly rCorr}
 58653 | Depths:2 | Learned a level 9 spell: Fire Storm
 58891 | Depths:2 | Found a one-way gate leading to the halls of Pandemonium.
 58989 | Depths:4 | Entered Level 4 of the Depths
 59005 | Depths:4 | Found a magical portal.
 59019 | WizLab   | Entered Zonguldrok's Shrine
 59984 | D:12     | Learned a level 6 spell: Plasma Beam
 60086 | Vaults:1 | Entered Level 1 of the Vaults
 60768 | Vaults:1 | Reached XP level 23. HP: 152/190 MP: 32/44
 61279 | Vaults:4 | Reached skill level 10 in Dodging
 64601 | Vaults:2 | Reached skill level 15 in Fire Magic
 64723 | Vaults:2 | Reached XP level 24. HP: 197/197 MP: 38/44
 64827 | Vaults:3 | Noticed Mennas
 64854 | Vaults:3 | Killed Mennas
 65205 | Vaults:3 | Identified the orb of the Monk {*channel, rC+++ Dex+2
                  | Hexes}
 65205 | Vaults:3 | Noticed Frederick
 65493 | Vaults:4 | Found Fotetoed's General Store.
 65541 | Vaults:4 | Identified the +3 scale mail of Dithmenos, Destroying {rN+
                  | Will+ Str+2}
 65788 | Vaults:3 | Killed Frederick
 66790 | Vaults:3 | Found a runed translucent gate.
 66790 | Vaults:3 | Found a runed translucent gate.
 66790 | Vaults:3 | Found a runed translucent gate.
 66790 | Vaults:3 | Noticed Kevimi's ghost (adept FeNe)
 66793 | Vaults:3 | Found a roughly hewn altar of Beogh.
 66793 | Vaults:3 | Identified the +0 plate armour "Rozag" {Fly rF+ Regen+
                  | Int+3}
 67075 | Vaults:3 | Found a staircase to the Crypt.
 67092 | Crypt:1  | Entered Level 1 of the Crypt
 67670 | Vaults:4 | Found a glowing silver altar of Zin.
 68162 | Vaults:2 | Found a large runed translucent door.
 68162 | Vaults:2 | Found a large runed translucent door.
 68162 | Vaults:2 | Noticed Qimyqihi's ghost (adept VSFi)
 68462 | Vaults:2 | Found Kairock's Antique Armour Shoppe.
 68761 | Elf:1    | Entered Level 1 of the Elven Halls
 69813 | Elf:1    | Identified the +3 leather armour of Negation {rF++ Dex-3}
 70548 | Elf:2    | Reached XP level 25. HP: 204/205 MP: 45/45
 70834 | Elf:3    | Entered Level 3 of the Elven Halls
 71442 | Elf:2    | Found a runed translucent gate.
 71442 | Elf:2    | Found a runed translucent gate.
 71443 | Elf:2    | Found a runed translucent gate.
 72160 | Elf:3    | Noticed Mara
 72571 | Elf:3    | Noticed petzl's illusion
 72621 | Elf:3    | Noticed petzl's illusion
 73389 | Elf:3    | Noticed petzl's illusion
 73778 | Elf:3    | Noticed petzl's illusion
 73782 | Elf:3    | Killed Mara
 73975 | Elf:3    | Identified the +8 chain mail "Iguppi" {rElec Dex+4}
 74283 | Elf:3    | Identified the ring of Sumoed {rC+ Str+6 Int+2}
 74807 | Elf:3    | Identified the +7 spear "Omelette" {venom, rN+ Will+ Str+4
                  | Dex+3}
 75376 | Elf:3    | Found the +0 mask of the Dragon {Will+ Slay+3 SInv}
 75507 | Elf:3    | Identified the staff "Imnen" {*Corrode rF+ Int+5 Summ Fire}
 77421 | Slime:1  | Entered Level 1 of the Pits of Slime
 77568 | Slime:2  | Reached skill level 1 in Staves
 78358 | Slime:2  | Reached XP level 26. HP: 167/214 MP: 17/45
 78794 | Slime:4  | Noticed Dissolution
 78802 | Slime:4  | Killed Dissolution
 80722 | Slime:5  | Entered Level 5 of the Pits of Slime
 81294 | Slime:5  | Noticed the Royal Jelly
 81348 | Slime:5  | Killed the Royal Jelly
 81734 | Slime:5  | Got a slimy rune of Zot
 81763 | Slime:5  | Identified the +5 great sword of Ogotteso {antimagic,
                  | Will+}
 81774 | Slime:5  | Identified the +0 plate armour of the Monkey {Fly rElec
                  | Will- Str+5}
 81804 | Slime:5  | Identified the +10 quarterstaff of the Sky {freeze, ^Drain
                  | rElec rN+}
 81860 | Slime:5  | Identified the +1 short sword of Beyond {freeze, Will+
                  | Str+3}
 81867 | Slime:5  | Identified the +1 orcbow of Uskayaw {drain, Int+3 Dex+3}
 82140 | D:12     | Learned a level 9 spell: Polar Vortex
 82694 | Depths:3 | Reached skill level 5 in Staves
 84091 | Depths:3 | Identified the +4 dagger "Lipitos" {antimagic, rElec rCorr
                  | Stlth+}
 84856 | Depths:4 | Found a gate to the Realm of Zot.
 84866 | Depths:4 | Reached skill level 10 in Ice Magic
 85689 | Zot:1    | Entered Level 1 of the Realm of Zot
 85738 | Zot:1    | Reached XP level 27. HP: 194/224 MP: 2/45
 86459 | Zot:1    | Noticed Grunn
 86466 | Zot:1    | Reached skill level 15 in Armour
 86466 | Zot:1    | Killed Grunn
 86838 | Zot:1    | You are sucked into a shaft and drop 1 floor!
 88180 | Zot:1    | You are sucked into a shaft and drop 1 floor!
 88205 | Zot:2    | Killed from afar by a quicksilver dragon

Illustrated notes

Levels and vault maps discovered:
D:1:      spicycebolla_green_bress_n_ham, layout_loops_ring,
          shapermc_ecumenical_altar_venn, nrook_loot_triangle
D:2:      layout_basic, serial_shops, shop
D:3:      layout_basic, uniq_ijyb, uniq_robin
D:4:      minmay_polygon_palace, layout_loops_ring, kennysheep_little_box,
          nicolae_overflow_hidden_temple, uniq_duvessa
D:5:      gammafunk_steamed_eel, layout_loops_corners,
          mainiacjoe_overflow_six_doors_small, serial_shops,
          nicolae_book_shop_shelving
D:6:      layout_gridville, mainiacjoe_overflow_tiny_flanked,
          minmay_misc_feat_tower, serial_bayou_ford_a, nicolae_custom_books,
          uniq_sigmund, uniq_prince_ribbit1
D:7:      minmay_bubble_buster, layout_basic, temple_green, serial_rivers,
          chequers_serial_rivers_room_b, chequers_serial_rivers_small_3,
          chequers_serial_rivers_small_b, chequers_serial_rivers_small_3,
          the_hattery, uniq_maurice
D:8:      layout_loops_ring, mainiacjoe_overflow_cross_hatched,
          grunt_temple_overflow_open, serial_shops,
          nicolae_shop_bloodbath_and_beyond
D:9:      layout_roguey, dpeg_oklobed_lair, serial_shops,
          nicolae_shop_real_fake_doors, nicolae_shop_hallway_plus,
          minmay_misc_feat_tiny
D:10:     layout_basic, david_orc_1_choice, hellmonk_guarded_unrand_dark_maul
D:11:     minmay_the_grid_four_pointed_star_mashed
          [minmay_the_grid_triangle_9x9_pentomino_pain,
          minmay_the_grid_triangle_9x9_fully_insulated_deathbox,
          minmay_the_grid_triangle_9x9_negative_grid,
          minmay_the_grid_triangle_9x9_flanged_cone,
          minmay_the_grid_prize_diamond_cup], layout_layer_cave
D:12:     layout_basic, serial_shops, shop, kennysheep_generic_room_6
D:13:     kennysheep_room_grid, layout_loops_corners
D:14:     layout_rooms, grunt_vaults_entry_fortified, serial_shops,
          nicolae_shop_statue_plus, shop, uniq_nessos
D:15:     grunt_enter_depths_snipers, layout_cave_pods,
          nicolae_trove_entry_crystal, dk_noncrumbling_3, serial_shops,
          nicolae_shop_window_shopping, nicolae_shop_tiny_real_fake_doors,
          uniq_jorgrun, uniq_josephine, uniq_kirke, uniq_azrael
Temple:   hellmonk_temple_forest_ring
Lair:1:   layout_layer_cave, infiniplex_staircase_pool_2, uniq_sonja,
          uniq_maggie
Lair:2:   layout_gridlike, elwin_shoals_entry_rooms,
          eino_small_chamber_without_monster, hangedman_lair_unloving_vines,
          chequers_serial_rivers_marsh, grunt_forest_small_clearings,
          columned_hall_lemuel
Lair:3:   layout_concentric_octagons, nicolae_spider_entry_lesser_pyramids,
          bobbens_dragon_lair_wall, grunt_megastairs_2
Lair:4:   layout_gridlike, slime_entry_1, portal_ice_cave_rime
Lair:5:   evilmike_catoblepas_cave, layout_misc_corridors, st_stairs_3
Shoals:1: layout_shoals, nicolae_shoals_lost_giant_hut, nicolae_take_the_stairs
Shoals:2: layout_shoals, serial_shops, shop, nicolae_shop_peninsula,
          nicolae_shop_window_shopping, shop, shop
Shoals:3: nicolae_shoals_deep_elves_summer_vacation, layout_shoals,
          nicolae_shoals_lost_giant_pillars, uniq_ilsuiw
Shoals:4: shoals_end_simple, layout_shoals, shoals_ilsuiw_ice
Spider:1: layout_chambers
Spider:2: layout_spider_delve, hangedman_spider_tarantella_strand, uniq_nikola,
          uniq_aizul
Spider:3: layout_spider_delve, uniq_roxanne, uniq_arachne, uniq_donald
Spider:4: grunt_spider_rune_parallel
Slime:1:  cheibrodos_slime_lost_civilization_9, layout_caves
Slime:2:  layout_caves
Slime:3:  layout_caves
Slime:4:  layout_caves, dissolution_awaits
Slime:5:  slime_pit
Orc:1:    layout_caves, nicolae_orc_takin'_care_of_business
Orc:2:    grunt_orc_tribal_feast, layout_diamond_mine, basic_altar,
          roderic_batcave
Elf:1:    nicolae_elf_arrival_fired_up, layout_rooms,
          kennysheep_underground_church
Elf:2:    elven_hall_of_blades_hangedman_original
          [nicolae_blade_entry_pointy_end], layout_loops_cross
Elf:3:    minmay_elf_hall_hex, layout_geoelf_octagon, uniq_mara
Vaults:1: grunt_vaults_hallway_long, hangedman_vaults_trim, grunt_vaults_funnel,
          nicolae_vaults_trapezoid_layered, v_misc_23,
          nicolae_vaults_more_shelving_1, vaults_mumra_minichess_inversion,
          nicolae_vaults_double_plus_1, nicolae_vaults_trapezoid_lopsided_3,
          nicolae_vaults_apartment_1, nicolae_vaults_three_branches,
          layout_vaults_omnicross
Vaults:2: advil_vaults_ghost_guards, v_misc_27, nicolae_vaults_frosty_reception,
          v_pattern_3, v_misc_11, nicolae_vaults_triangles,
          dpeg_vaults_hating_casters, nicolae_vaults_six-pack,
          hangedman_vaults_impose, layout_vaults_omnibox, serial_shops,
          nicolae_shop_tiny_real_fake_doors
Vaults:3: biasface_ghost_orc_armoury, nicolae_vaults_windows_and_doors_thing,
          nicolae_vaults_little_squares_2, minmay_crypt_entry_skeletal_spiral,
          nicolae_vaults_storage_closets_2, nicolae_vaults_sealed_display,
          v_misc_11, nicolae_vaults_circle_grid_a, vaults_standard_mumra_x,
          layout_vaults_big_room, uniq_mennas, uniq_frederick
Vaults:4: nicolae_vaults_ellipses_ellipsis, ontoclasm_vaults_chip,
          lemuel_angel_altar, ontoclasm_vaults_gateway, v_misc_1,
          nicolae_vaults_bisected_slash, hangedman_vaults_cutoff,
          vaults_dpeg_doors, vaults_mumra_hex, v_misc_18,
          nicolae_vaults_trapezoid_lopsided_3, layout_vaults_ring, serial_shops,
          nicolae_shop_crystal
Crypt:1:  layout_basic, st_stairs_7, grunt_crypt_arrival_webbed
Depths:1: layout_basic, enter_ziggurat_f, serial_shops, kennysheep_mini,
          hellmouth_3, hex_tiny, nicolae_island_escapes, firewood_loft,
          infiniplex_staircase_pool_lava, uniq_enchantress, uniq_saint_roka
Depths:2: evilmike_marble_ring, layout_gridville, pf_coc_iceberg,
          minmay_curled_crystal, serial_sigils, serial_sigils_hangedman_scratch,
          serial_sigils_hangedman_leer, serial_sigils_hangedman_stare,
          serial_sigils_hangedman_gnaw, serial_sigils_hangedman_quiver,
          rand_demon_pan_entry_9, abyss_entry
Depths:3: minmay_bloctagon_deflated, layout_gridlike, grunt_hell_entry_dis_old,
          pan_entry, abyss_entry_crystal, nicolae_titane,
          infiniplex_staircase_star
Depths:4: evilmike_zot_entry_basic, layout_basic, mu_enter_wizlab_4,
          pf_hell_entry_tar_river, serial_bayou_pond_d
Zot:1:    layout_gridlike, bh_zot_lava_cross, grunt_megastairs_1, uniq_grunn
Zot:2:    layout_gridlike, regret_index_zotdec_zees, st_large_dragon_hoard_4
Zot:3:    cheibrodos_zot_enchanting_chambers, layout_basic,
          regret_index_zotdec_bone_old

Skill      XL: |  1  2  3  4  5  6  7  8  9 10 11 12 13 14 15 16 17 18 19 20 21 22 23 24 25 26 27 |
---------------+----------------------------------------------------------------------------------+-----
Shields        | 1 2 3 4 5 7 9 11 12 13 14 15 16 17 | 17.0
Spellcasting   | 1 2 3 4 5 7 9 11 12 13 14 15 16 17 18 19 | 19.0
Ranged Weapons | 1 2 3 4 5 6 |  6.0
Armour         | 1 2 3 4 6 9 10 11 12 14 15 | 15.0
Dodging        | 2 3 4 5 7 9 11 12 13 | 13.1
Conjurations   | 1 2 3 5 7 9 10 11 13 14 15 16 17 18 19 | 19.5
Fighting       | 4 5 6 9 10 11 12 13 14 | 14.0
Alchemy        | 2 4 6 7 |  7.6
Air Magic      | 1 2 5 6 |  6.0
Fire Magic     | 2 3 4 7 10 12 13 15 16 19 | 19.5
Ice Magic      | 5 6 7 10 13 | 13.0
Evocations     | 2 3 |  3.8
Translocations | 4 6 7 |  7.5
Stealth        | 8 10 | 10.0
Staves         | 2 6 7 |  7.8
Maces & Flails | |  2.2

Action                     |  1- 3 |  4- 6 |  7- 9 | 10-12 | 13-15 | 16-18 | 19-21 | 22-24 | 25-27 || total
---------------------------+-------+-------+-------+-------+-------+-------+-------+-------+-------++-------
  Melee: Mace              |    32 |       |   138 |    73 |    70 |       |       |       |       ||   313
         Long sword        |    19 |    23 |       |       |       |       |       |       |       ||    42
         Unarmed           |       |     7 |       |       |       |       |       |       |       ||     7
         Quarterstaff      |       |    16 |     9 |       |       |       |       |       |       ||    25
         Flail             |       |       |       |       |       |   100 |    93 |   113 |       ||   306
         Dagger            |       |       |       |       |       |     1 |       |       |       ||     1
         Lajatang          |       |       |       |       |       |       |       |       |    98 ||    98
   Fire: Sling             |    29 |   107 |    75 |       |       |       |       |       |       ||   211
         Shortbow          |       |       |    31 |   234 |   412 |   230 |   221 |   355 |    62 ||  1545
  Throw: Dart              |       |     2 |     5 |       |       |       |     3 |     1 |     2 ||    13
   Cast: Olgreb's Toxic Ra |       |       |    17 |    84 |    95 |   121 |   100 |   133 |    10 ||   560
         Shock             |       |       |     4 |       |       |       |       |       |       ||     4
         Mephitic Cloud    |       |       |     2 |       |     5 |       |       |       |       ||     7
         Ignite Poison     |       |       |     4 |    75 |    98 |   122 |    95 |   113 |     5 ||   512
         Freezing Cloud    |       |       |       |    14 |   162 |   222 |    65 |   140 |    19 ||   622
         Orb of Destructio |       |       |       |       |     7 |    41 |   109 |   182 |   144 ||   483
         Flame Wave        |       |       |       |       |     3 |       |       |       |       ||     3
         Iskenderun's Myst |       |       |       |       |       |    15 |    49 |    85 |    74 ||   223
         Sticky Flame      |       |       |       |       |       |       |       |    79 |    21 ||   100
         Conjure Ball Ligh |       |       |       |       |       |       |       |    11 |       ||    11
         Plasma Beam       |       |       |       |       |       |       |       |    16 |     5 ||    21
         Fire Storm        |       |       |       |       |       |       |       |       |   206 ||   206
Ability: Dig               |     2 |       |     3 |     5 |     7 |    10 |     9 |    10 |     3 ||    49
         Shaft Self        |     1 |       |     2 |       |       |       |       |       |     3 ||     6
  Evoke: Wand              |       |       |       |     1 |     1 |     2 |     2 |     6 |     2 ||    14
         Lightning rod     |       |       |       |       |       |       |     2 |       |       ||     2
         Condenser vane    |       |       |       |       |       |       |       |     1 |       ||     1
         Sack of spiders   |       |       |       |       |       |       |       |       |     1 ||     1
         Phantom mirror    |       |       |       |       |       |       |       |       |     1 ||     1
    Use: Scroll            |     1 |     3 |     6 |     3 |     8 |     4 |    11 |     4 |    12 ||    52
         Potion            |       |       |     6 |       |       |     6 |     1 |     8 |     7 ||    28
   Stab: Sleeping          |     3 |       |     1 |       |       |       |       |       |       ||     4
         Confused          |       |       |       |       |     1 |       |       |       |     2 ||     3
         Invisible         |       |       |       |       |     1 |       |       |       |       ||     1
         Held in net/web   |       |       |       |       |       |       |       |       |     1 ||     1
 Armour: Leather armour    |    49 |       |       |       |       |       |       |       |       ||    49
         Ring mail         |    16 |    36 |   159 |   105 |   154 |   189 |   186 |   116 |       ||   961
         Skin              |       |     3 |       |       |       |       |       |       |       ||     3
         Acid dragon scale |       |       |       |       |       |       |       |   161 |   197 ||   358
  Dodge: Dodged            |    33 |    28 |   121 |   104 |   196 |   156 |   191 |   222 |   108 ||  1159
  Block: Buckler           |       |       |       |    24 |    74 |   168 |    49 |       |       ||   315
         Reflection        |       |       |       |       |       |    31 |    17 |    59 |    12 ||   119
         Kite shield       |       |       |       |       |       |       |   218 |   397 |   189 ||   804

Table legend: (Time is in decaauts)
 A = Elapsed time spent in this place.
 B = Non-inter-level travel time spent in this place.
 C = Inter-level travel time spent in this place.
 D = Time resting spent in this place.
 E = Time spent auto-exploring this place.
 F = Levels seen in this place.
 G = Mean time per level.
                   A        B        C        D        E       F      G
               +--------+--------+--------+--------+--------+-----+--------+
         Total |  88996 |  80713 |   8283 |  31569 |  25894 |  54 | 1648.1 |
       Dungeon |  25101 |  21106 |   3995 |   4735 |  10060 |  15 | 1673.4 |
        Temple |     81 |     81 |      0 |     50 |      0 |   1 |   81.0 |
          Lair |   8571 |   7792 |    779 |   2560 |   3852 |   5 | 1714.2 |
        Shoals |   8384 |   7966 |    418 |   3805 |   1945 |   4 | 2096.0 |
   Spider Nest |   8686 |   7904 |    782 |   3577 |   2258 |   4 | 2171.5 |
    Slime Pits |   4590 |   4297 |    293 |   1987 |   1294 |   5 |  918.0 |
  Orcish Mines |   3097 |   2804 |    293 |   1405 |    654 |   2 | 1548.5 |
   Elven Halls |   7914 |   7037 |    877 |   3316 |   1277 |   3 | 2638.0 |
        Vaults |   8536 |   8031 |    505 |   3033 |   1670 |   4 | 2134.0 |
         Crypt |     14 |     14 |      0 |      0 |      0 |   1 |   14.0 |
        Depths |   8909 |   8569 |    340 |   4384 |   2086 |   4 | 2227.2 |
           Zot |   2371 |   2371 |      0 |   1088 |    790 |   3 |  790.3 |
         Trove |     81 |     81 |      0 |      0 |      0 |   1 |   81.0 |
      Ice Cave |   2053 |   2053 |      0 |   1339 |      7 |   1 | 2053.0 |
        Wizlab |    602 |    602 |      0 |    288 |      0 |   1 |  602.0 |
               +--------+--------+--------+--------+--------+-----+--------+

Top non-repeatable levels by time:
   Elf:3: 3426 daAuts
Shoals:3: 3229 daAuts
Depths:1: 3163 daAuts
Vaults:3: 2655 daAuts
Spider:3: 2649 daAuts
Depths:2: 2620 daAuts
   Elf:2: 2583 daAuts
     D:7: 2513 daAuts
    D:10: 2484 daAuts
    D:11: 2477 daAuts
    D:12: 2401 daAuts
Spider:2: 2379 daAuts
Vaults:1: 2372 daAuts
    D:13: 2350 daAuts
     D:4: 2104 daAuts
